 Dungeon Crawl Stone Soup version 0.27.1 (webtiles) character file.

Game seed: 6361531995140832647

3896 nxtlvl the Cleaver (level 10, -4/86 HPs)
             Began as a Red Draconian Berserker on Aug 24, 2021.
             Was a Priest of Trog.
             Slain by a six-headed hydra (7 damage)
             ... on level 7 of the Dungeon.
             The game lasted 00:16:30 (1990 turns).

nxtlvl the Cleaver (Red Draconian Berserker)        Turns: 1990, Time: 00:16:30

Health: -4/86      AC:  7    Str: 20    XL:     10   Next: 0%
Magic:  10/10      EV: 13    Int:  8    God:    Trog [***...]
Gold:   201        SH:  5    Dex: 13    Spells: 9/9 levels left

rFire    + . .     SeeInvis .   a - +0 hand axe
rCold    . . .     Faith    .   c - +2 buckler
rNeg     . . .     Spirit   .   (armour unavailable)
rPois    .         Reflect  .   (helmet restricted)
rElec    .         Harm     .   (no cloak)
rCorr    .         Rampage  .   (no gloves)
Will     ++...                  (no boots)
Stlth    +.........             z - amulet of regeneration
HPRegen  2.24/turn              (no ring)
MPRegen  0.12/turn              (no ring)

@: strong-willed, on berserk cooldown, regenerating, slowed, very slow
A: breathe fire, AC +7, unfitting armour, fire resistance 1, cold-blooded
a: Breathe Fire, Renounce Religion, Berserk, Trog's Hand


You were on level 7 of the Dungeon.
You worshipped Trog.
Trog was most pleased with you.
You visited 1 branch of the dungeon, and saw 7 of its levels.
You also visited: Sewer.

You collected 240 gold pieces.
You spent 39 gold pieces at shops.

Inventory:

Hand Weapons
 a - a +0 hand axe (weapon)
 b - a +0 hunting sling
Missiles
 j - 132 arrows
 r - 40 sling bullets
Armour
 c - a +2 buckler (worn)
Jewellery
 z - an amulet of regeneration (around neck)
 Z - an amulet of the acrobat
Wands
 k - a wand of acid (10)
 q - a wand of polymorph (7)
Scrolls
 f - 2 scrolls of fog {unknown}
 h - 3 scrolls of teleportation
 i - a scroll of magic mapping {unknown}
 o - 2 scrolls of summoning {unknown}
 s - a scroll of noise {unknown}
 u - a scroll of immolation {unknown}
Potions
 d - 4 potions of heal wounds {unknown}
 e - a potion of attraction
 g - a potion of curing
 l - 2 potions of cancellation {unknown}
 m - a potion of brilliance
 n - a potion of mutation
 t - a potion of lignification {unknown}


   Skills:
 + Level 7.3 Fighting
 * Level 10.8 Axes
 + Level 6.1 Dodging
 + Level 5.0 Evocations


You had 9 spell levels left.
You didn't know any spells.
Your spell library was empty.

Dungeon Overview and Level Annotations

Branches:
Dungeon (7/15)              Sewer (visited)
 Temple: D:4-7

Altars:
Fedhas
Zin

Shops:
D:4 (   D:6 !


Innate Abilities, Weirdness & Mutations

You can breathe blasts of fire.
Your fiery red scales are hard. (AC +7)
You cannot fit into any form of body armour.
Your flesh is heat resistant. (rF+)
You are cold-blooded and may be slowed by cold attacks.


Message History

The six-headed hydra bites your ogre. The six-headed hydra bites your ogre!!
The six-headed hydra bites your ogre. The six-headed hydra bites your ogre!
The six-headed hydra completely misses your ogre.
The six-headed hydra bites your ogre.
Your ogre hits the six-headed hydra with a +0 giant club!!
The six-headed hydra bites your ogre!
Your ogre dies!
Your ogre's corpse disappears in a puff of smoke!
Okay, then.
Unknown command.
Your skin crawls.
You feel strong-willed.
The six-headed hydra completely misses you.
The six-headed hydra barely misses you.
You block the six-headed hydra's attack.
The six-headed hydra bites you.
* * * LOW HITPOINT WARNING * * *
The six-headed hydra bites you!
* * * LOW HITPOINT WARNING * * *
The six-headed hydra closely misses you.
You block the six-headed hydra's attack.
The six-headed hydra bites you!
* * * LOW HITPOINT WARNING * * *
The six-headed hydra closely misses you.
The six-headed hydra barely misses you.
The six-headed hydra bites you but does no damage.
The six-headed hydra bites you.
* * * LOW HITPOINT WARNING * * *
You see here a black bear corpse.
Things that are here:
a +1 spear of flaming; 22 stones The six-headed hydra barely misses you.
You block the six-headed hydra's attack.
The six-headed hydra bites you.
* * * LOW HITPOINT WARNING * * *
The six-headed hydra bites you.
* * * LOW HITPOINT WARNING * * *
The six-headed hydra closely misses you.
The six-headed hydra bites you!
You die...

.# #.# #.# ###.# ## ###
#.#.# .♣♣♣♣♣ ♣.♣ #.#.#
♣. #####.♣♣)♣♣♣♣.♣♣#...#
♣.♣
#...#.♣)♣....♣.††...#
♣..##'##D@♣♣♣♣♣♣.♣♣#.#<#
♣...cY♣♣♣ ♣.♣ #.#....
##♣|♣## ### #.####. ♣.♣
#.# ♣Y♣ ###
≈≈≈≈≈..)Z.≈≈≈≈≈
≈≈≈≈.......≈≈≈≈
≈≈≈.J.......≈≈≈
≈≈...≈.#.≈...≈≈


You could see a six-headed hydra, a sky beast and a centaur.

Vanquished Creatures
  Pikel (D:6)
  A centaur zombie (D:6)
  Sigmund (D:3)
  A wraith (D:6)
  A vampire mosquito (D:7)
  Edmund (D:6)
  A water moccasin (D:6)
  Duvessa (D:6)
  A sky beast (D:7)
  2 ice beasts
  5 black bears
  An ogre (D:5)
  A centaur (D:6)
  A bullfrog (D:7)
  2 wyvern zombies (D:7)
  A scorpion (D:7)
  Dowan (D:6)
  A wyvern skeleton (D:5)
  A wight (D:7)
  An electric eel (D:7)
  A bullfrog zombie (D:7)
  2 hounds (D:5)
  A gnoll shaman (D:7)
  A jelly (D:6)
  3 orc priests
  4 iguanas
  2 orc wizards (D:5)
  A killer bee zombie (D:6)
  A killer bee simulacrum (D:7)
  5 gnolls
  7 adders
  A shadow imp (D:7)
  An ufetubus (D:7)
  3 worms (D:3)
  2 dart slugs (D:4)
  9 orcs
  4 endoplasms
  3 giant cockroaches
  A goblin (D:2)
  2 hobgoblins
  7 kobolds
  A quokka (D:3)
  8 ball pythons
  6 bats
  6 frilled lizards
  5 rats
113 creatures vanquished.

Vanquished Creatures (collateral kills)
  A two-headed ogre (D:7)
1 creature vanquished.

Vanquished Creatures (others)
  15 plants (D:7)
15 creatures vanquished.

Grand Total: 129 creatures vanquished

Notes
Turn   | Place    | Note
-------+----------+-------------------------------------------
     0 | D:1      | nxtlvl the Draconian Berserker began the quest for the Orb.
     0 | D:1      | Reached XP level 1. HP: 19/19 MP: 1/1
    29 | D:2      | Reached XP level 2. HP: 26/26 MP: 2/2
   104 | D:1      | Reached skill level 4 in Axes
   129 | D:3      | Found a faded altar of an unknown god.
   169 | D:2      | Reached XP level 3. HP: 31/31 MP: 3/3
   185 | D:3      | Found a blossoming altar of Fedhas.
   214 | D:3      | Reached ** piety under Trog
   217 | D:3      | Noticed Sigmund
   230 | D:3      | Killed Sigmund
   231 | D:3      | Reached skill level 6 in Axes
   231 | D:3      | Reached XP level 4. HP: 38/38 MP: 4/4
   231 | D:3      | Reached XP level 5. HP: 45/45 MP: 5/5
   409 | D:3      | Found a glowing drain.
   428 | Sewer    | Entered a sewer
   813 | D:4      | Noticed a moth of wrath
   867 | D:4      | Reached XP level 6. HP: 45/51 MP: 6/6
   988 | D:4      | Found Dishrill's Antique Weapon Shop.
  1008 | D:4      | Found a glowing silver altar of Zin.
  1048 | D:5      | Entered Level 5 of the Dungeon
  1073 | D:5      | Reached skill level 7 in Axes
  1128 | D:5      | Reached *** piety under Trog
  1246 | D:6      | Noticed Duvessa
  1246 | D:6      | Noticed Dowan
  1255 | D:6      | Killed Duvessa
  1256 | D:6      | Your scales start taking on a fiery red colour.
  1256 | D:6      | Reached XP level 7. HP: 59/59 MP: 7/7
  1256 | D:6      | Gained mutation: Your flesh is heat resistant. (rF+) [Red
                  | Draconian growth]
  1257 | D:6      | Killed Dowan
  1308 | D:6      | Noticed a wraith
  1319 | D:6      | Killed a wraith
  1320 | D:6      | Reached skill level 8 in Axes
  1329 | D:6      | Found Tapeg's Distillery.
  1376 | D:6      | Noticed Pikel
  1383 | D:6      | Reached skill level 1 in Evocations
  1387 | D:6      | Killed Pikel
  1388 | D:6      | Reached skill level 5 in Fighting
  1388 | D:6      | Reached XP level 8. HP: 68/68 MP: 8/8
  1409 | D:5      | Reached skill level 9 in Axes
  1480 | D:6      | Noticed Edmund
  1523 | D:6      | Killed Edmund
  1532 | D:6      | Reached skill level 5 in Dodging
  1532 | D:6      | Reached XP level 9. HP: 59/75 MP: 9/9
  1702 | D:6      | Bought a potion of curing for 39 gold pieces
  1768 | D:7      | Reached skill level 10 in Axes
  1837 | D:7      | Reached **** piety under Trog
  1955 | D:7      | Noticed a two-headed ogre
  1971 | D:7      | Noticed a six-headed hydra
  1977 | D:7      | Noticed a manticore
  1979 | D:7      | Killed a two-headed ogre
  1980 | D:7      | Reached skill level 5 in Evocations
  1980 | D:7      | Reached XP level 10. HP: 86/86 MP: 10/10
  1988 | D:7      | HP: 4/86 [six-headed hydra (9)]
  1990 | D:7      | Slain by a six-headed hydra

Illustrated notes

Levels and vault maps discovered:
D:1:      nzn_arrival_crosshair, layout_basic,
          hangedman_abyss_or_decor_lesser_grid
D:2:      layout_rooms, minmay_small_reverse_x
D:3:      layout_rooms, fedhas_altar_3, chequers_ecumenical_altar_simple_redux,
          cheibrodos_sewer_entry_bend, uniq_sigmund
D:4:      layout_gridville, zin_statuary, tgw_trog,
          lemuel_coloured_pillars_altar, serial_shops,
          nicolae_shop_temple_entry_statues_fountains
D:5:      layout_basic, mainiacjoe_overflow_alcove_1,
          minmay_temple_entry_mini_moons, serial_shops, kennysheep_mini_moat,
          small_statue_alley_b, grunt_ministairs_14, interstate_on_off
D:6:      layout_cave_pools, serial_shops, nicolae_shop_waterfront, uniq_edmund,
          uniq_pikel, uniq_duvessa, uniq_maggie, uniq_crazy_yiuf_cottage
D:7:      nzn_winding_woodlands_large [nzn_winding_woodlands_5x5_closed_star,
          nzn_winding_woodlands_5x15_cabin, nzn_winding_woodlands_5x5_cross,
          nzn_winding_woodlands_center_pierced_h,
          nzn_winding_woodlands_15x15_eel_pit,
          nzn_winding_woodlands_center_garden,
          nzn_winding_woodlands_5x5_perimeter,
          nzn_winding_woodlands_5x15_lazy_stream,
          nzn_winding_woodlands_5x5_open_star], layout_loops_ring,
          nicolae_qazlal_style_of_elements, mainiacjoe_overflow_alcove_4,
          mainiacjoe_overflow_tiny_flanked, uniq_harold

Skill      XL: |  1  2  3  4  5  6  7  8  9 |
---------------+----------------------------+-----
Axes           | 4 6 7 8 9 10 | 10.8
Dodging        | 3 4 5 6 |  6.1
Fighting       | 4 5 6 7 |  7.3
Evocations     | 2 3 5 |  5.0

Action                   |  1- 3 |  4- 6 |  7- 9 | 10-12 || total
-------------------------+-------+-------+-------+-------++-------
Melee: Hand axe          |    61 |   126 |   279 |       ||   466
       Tailslap          |     9 |    21 |    52 |       ||    82
Invok: Berserk           |     2 |     3 |     8 |       ||    13
       Trog's Hand       |       |       |     1 |     1 ||     2
       Brothers in Arms  |       |       |     1 |     1 ||     2
 Abil: Breathe Fire      |       |       |     7 |       ||     7
  Use: Scroll            |       |       |     4 |       ||     4
 Stab: Distracted        |     1 |       |       |       ||     1
       Sleeping          |       |     1 |       |       ||     1
Armor: Skin              |    14 |    36 |    71 |     2 ||   123
Dodge: Dodged            |    40 |    70 |   175 |    11 ||   296
Block: Buckler           |       |     2 |    55 |     3 ||    60
